 Dungeon Crawl Stone Soup version 0.30-a0-373-gd37427bb62 (webtiles) character file.

Game seed: 6065283077051141080

638 sanka the Insei (level 7, -2/43 HPs)
             Began as an Octopode Transmuter on Nov 24, 2022.
             Was an Initiate of Nemelex Xobeh.
             Slain by a water moccasin (8 damage)
             ... on level 4 of the Dungeon.
             The game lasted 00:08:19 (4704 turns).

sanka the Insei (Octopode Transmuter)               Turns: 4704, Time: 00:08:20

Health: -2/43      AC:  1    Str:  9    XL:     7   Next: 50%
Magic:  10/10      EV: 15    Int: 16    God:    Nemelex Xobeh [......]
Gold:   248        SH:  0    Dex: 14    Spells: 4/10 levels left

rFire   . . .      SeeInvis .      - Unarmed
rCold   . . .      Faith    .    (no shield)
rNeg    . . .      Spirit   .    (helmet restricted)
rPois   .          Reflect  .    (no amulet)
rElec   .          Harm     .    (no ring)
rCorr   .          Rampage  .    (no ring)
Will    .....                    (no ring)
Stlth   ++........               (no ring)
HPRegen 0.27/turn                (no ring)
MPRegen 0.12/turn                (no ring)
                                 (no ring)
                                 (no ring)

@: lethally poisoned (-2 -> -13), hasted, very quick
A: almost no armour, amphibious, 8 rings, camouflage 1, gelatinous body 1,
(nimble swimmer 1), tentacles
a: Renounce Religion, Draw Escape, Draw Destruction, Draw Summoning


You were on level 4 of the Dungeon.
You worshipped Nemelex Xobeh.
Nemelex Xobeh was noncommittal.
You visited 2 branches of the dungeon, and saw 5 of its levels.

You collected 326 gold pieces.
You spent 78 gold pieces at shops.


Innate Abilities, Weirdness & Mutations

You cannot wear most types of armour.
You are amphibious.
You can wear up to eight rings at the same time.
Your skin changes colour to match your surroundings (Stealth+).
Your rubbery body absorbs attacks. (AC +1, EV +1)
((You are camouflaged when in or above water. (Stealth+)))
You have tentacles for arms and can constrict up to eight enemies at once.


   Skills:
 - Level 1.0 Fighting
 + Level 4.8 Dodging
 - Level 5.0 Unarmed Combat
 - Level 2.0 Spellcasting
 - Level 4.0 Transmutations
 - Level 4.0 Poison Magic


You had 4 spell levels left.
You knew the following spells:

 Your Spells              Type           Power      Damage    Failure   Level
x - Spider Form           Tmut/Pois      14%        N/A       12%         3
y - Wereblood             Tmut           14%        N/A       6%          2
z - Beastly Appendage     Tmut           28%        N/A       4%          1

Your spell library contained the following spells:

 Spells                   Type           Power      Damage    Failure   Level
 Ensorcelled Hibernation  Hex/Ice        2%         N/A       30%         2
 Ice Form                 Ice/Tmut       8%         N/A       65%         4
 Fulminant Prism          Conj/Hex       0%         3d5       90%         4
 Yara's Violent Unravell  Hex/Tmut       4%         3d4       94%         5
 Discord                  Hex            0%         N/A       100%        8

Inventory:

Wands
 a - a wand of roots (12)
 q - a wand of quicksilver (9)
Scrolls
 c - 2 scrolls of identify {unknown}
 d - 4 scrolls of blinking {unknown}
 f - 3 scrolls of enchant weapon {unknown}
 i - 2 scrolls of magic mapping {unknown}
 j - a scroll of brand weapon {unknown}
 l - a scroll of noise {unknown}
 o - a scroll of amnesia {unknown}
 p - a scroll of fear {unknown}
 r - a scroll of enchant armour {unknown}
 s - a scroll of summoning {unknown}
Potions
 b - 2 potions of curing {@q1}
 e - 3 potions of haste {@q3}
 g - a potion of cancellation {unknown}
 h - a potion of degeneration {unknown}
 k - 2 potions of heal wounds {unknown}
 m - 2 potions of lignification {!q}
 n - a potion of flight {unknown}

Dungeon Overview and Level Annotations

Branches:
Dungeon (4/15)             Temple (1/1) D:4

Altars:
Ashenzari
Cheibriados
Dithmenos
Elyvilon
Fedhas
Gozag
Hepliaklqana
Kikubaaqudgha
Makhleb
Nemelex Xobeh
Okawaru
Qazlal
Sif Muna
Trog
Uskayaw
Vehumet
Wu Jian
Xom
Yredelemnul
Zin
The Shining One

Shops:
D:3 *

Annotations:
D:2 1 runed translucent door, Crazy Yiuf

▒.▒▒..)▒▒..▒ ▒
▒.....))..▒▒ ..
▒[...>....▒▒▒▒.▒
▒..............
▒..▒▒...▒▒...▒▒
▒.▒.▒▒...▒▒..▒▒
▒. ▒.........▒▒
▒. ▒▒▒▒▒▒▒▒▒.▒ ▒
▒x▒ ▒▒S▒▒
▒▒.s.▒▒ ▒.....▒
▒▒ ▒.......▒ ▒▒.
▒...).....▒ ▒..
............+
▒▒▒▒
............▒
▒▒8▒
▒▒.▒..>....▒▒
▒8...


You could see a water moccasin and a scorpion.


Message History

It was a potion of haste.
You feel yourself speed up.
You constrict the water moccasin.
* * * LOW HITPOINT WARNING * * *
You feel very sick. The water moccasin misses you.
Unknown command.
Unknown command.
It was a potion of curing.
You constrict the water moccasin. The water moccasin bites you.
* * * LOW HITPOINT WARNING * * *
You are lethally poisoned!
The water moccasin poisons you!
You tentacle-slap the water moccasin. You tentacle-slap the water moccasin.
You squeeze the water moccasin.
The water moccasin is heavily wounded.
You constrict the water moccasin.
* * * LOW HITPOINT WARNING * * *
You feel very sick. The water moccasin barely misses you.
You tentacle-slap the water moccasin.
The water moccasin is severely wounded.
You constrict the water moccasin.
* * * LOW HITPOINT WARNING * * *
You feel sick. The water moccasin bites you!
You die...
Your body disappears without a glow.

Action                   |  1- 3 |  4- 6 |  7- 9 || total
-------------------------+-------+-------+-------++-------
Melee: Unarmed           |    60 |   103 |    58 ||   221
       Constrict         |    20 |    20 |    18 ||    58
       Tentacles         |    12 |    15 |    18 ||    45
       Punch             |     1 |     3 |     2 ||     6
       Kick              |     5 |     2 |       ||     7
 Cast: Beastly Appendage |     5 |       |       ||     5
       Spider Form       |       |     2 |     1 ||     3
       Wereblood         |       |     1 |       ||     1
  Use: Potion            |       |     1 |     2 ||     3
 Stab: Sleeping          |     5 |     7 |     2 ||    14
       Distracted        |       |     2 |       ||     2
Armor: Skin              |     1 |     6 |     8 ||    15
Dodge: Dodged            |    38 |    59 |    28 ||   125

Levels and vault maps discovered:
D:1:      nzn_arrival_depleted_hourglass, layout_basic, basic_ecumenical_altar
D:2:      layout_basic, kennysheep_decorative_pillar, minmay_misc_feat_square,
          minmay_3d_cube, uniq_terence, uniq_crazy_yiuf_cottage, uniq_jessica
D:3:      layout_loops_ring, nicolae_uskayaw_dance_hall, serial_shops,
          nicolae_shop_overgrown_old_shop, serial_bayou_lagoon_a, uniq_sigmund
D:4:      layout_loops_corners, nicolae_overflow_hidden_temple,
          minmay_temple_entry_stoned_glass
Temple:   nicolae_temple_no_exploring_needed

Notes
Turn   | Place    | Note
-------+----------+-------------------------------------------
     0 | D:1      | sanka the Octopode Transmuter began the quest for the Orb.
     0 | D:1      | Reached XP level 1. HP: 13/13 MP: 3/3
   169 | D:1      | Reached XP level 2. HP: 18/18 MP: 5/5
   172 | D:1      | Got Gauniefi's Folio of Ensorcelling
   176 | D:1      | Learned a level 2 spell: Wereblood
   431 | D:1      | Found a faded altar of an unknown god.
   593 | D:1      | Reached skill level 4 in Unarmed Combat
   665 | D:1      | Reached XP level 3. HP: 15/23 MP: 6/6
  1141 | D:2      | Learned a level 3 spell: Spider Form
  1196 | D:2      | Noticed Jessica
  1200 | D:2      | Noticed Terence
  1203 | D:2      | Killed Jessica
  1204 | D:2      | Reached skill level 5 in Unarmed Combat
  1204 | D:2      | Reached XP level 4. HP: 20/28 MP: 5/7
  1217 | D:2      | Killed Terence
  1218 | D:2      | Reached skill level 1 in Poison Magic
  1746 | D:2      | Found a runed translucent door.
  1747 | D:2      | Noticed Crazy Yiuf
  2064 | D:3      | Found Meetawim's Assorted Antiques.
  2072 | D:3      | Bought a potion of lignification for 78 gold pieces
  2196 | D:2      | Reached XP level 5. HP: 28/33 MP: 5/8
  2332 | D:3      | Reached skill level 2 in Poison Magic
  2340 | D:3      | Reached skill level 3 in Transmutations
  2499 | D:3      | Noticed Sigmund
  2613 | D:2      | Killed Sigmund
  2614 | D:2      | Reached skill level 4 in Transmutations
  2614 | D:2      | Reached skill level 4 in Poison Magic
  2614 | D:2      | Reached XP level 6. HP: 25/38 MP: 9/9
  2882 | D:3      | Found a hide-covered altar of Uskayaw.
  3346 | D:4      | Reached skill level 3 in Dodging
  3346 | D:4      | Reached XP level 7. HP: 21/43 MP: 10/10
  3680 | D:4      | Reached skill level 4 in Dodging
  3883 | D:4      | Found a snail-covered altar of Cheibriados.
  3884 | D:4      | Found a shimmering blue altar of Sif Muna.
  4532 | D:4      | Found a staircase to the Ecumenical Temple.
  4661 | Temple   | Entered the Ecumenical Temple
  4667 | Temple   | Became a worshipper of Nemelex Xobeh the Trickster
  4701 | D:4      | HP: 3/43 [poisoned by a water moccasin]
  4704 | D:4      | Slain by a water moccasin

Vanquished Creatures
  Sigmund (D:2)
  An ogre (D:4)
  A scorpion (D:4)
  An orc priest (D:3)
  2 hounds
  Jessica (D:2)
  Terence (D:2)
  An iguana (D:4)
  An orc wizard (D:3)
  3 adders
  A gnoll (D:2)
  An ufetubus (D:4)
  3 worms
  6 dart slugs
  5 orcs
  5 ball pythons
  4 bats
  6 endoplasms
  2 giant cockroaches
  9 hobgoblins
  3 jackals (D:4)
  3 kobolds
  5 quokkas
  2 frilled lizards (D:2)
  10 goblins
  5 rats
83 creatures vanquished.

Vanquished Creatures (others)
  7 plants (D:3)
7 creatures vanquished.

Grand Total: 90 creatures vanquished
